details: '2 hour game'

« prev index next »

General information

Mini Map

Players

team 1
HumanGayGod (teal | 22 APM | 17 actions | 00:47)

» actions
Build / train4
Enter build submenu2
Right click3
Select / deselect6
Use ability2
17 total
» units
Peasant4
4 total
» buildings
Farm1
Altar of Kings1
2 total
» build order
00:24 Farm
00:46 Altar of Kings
OrcPityn. (blue | 68 APM | 2599 actions | 37:59)
Hero icon 7 Blademaster
Ability icon 3 Wind Walk
Ability icon 3 Critical Strike
Ability icon 1 Bladestorm
Hero icon 5 Tauren Chieftain
Ability icon 3 Shockwave
Ability icon 2 Endurance Aura

» actions
Assign group hotkey67
Basic commands11
Build / train90
ESC pressed2
Enter build submenu17
Enter hero's abilities submenu12
Give item / drop item1
Right click1235
Select / deselect439
Select group hotkey578
Use ability147
2599 total
» units
Peon11
Peasant4
Wind Rider6
Troll Batrider11
Goblin Sapper1
Goblin Zeppelin1
34 total
» upgrades
Lumber Harvesting1
Ranged Weapons3
Armor2
Envenomed Spears1
Liquid Fire1
Witch Doctor Training2
Reinforced Defenses1
11 total
» buildings
Altar of Storms1
Orc Burrow7
Voodoo Lounge1
Farm1
Stronghold2
Keep1
Scout Tower1
Guard Tower2
Fortress1
Beastiary2
War Mill1
Arcane Tower1
Spirit Lodge1
22 total
» build order
00:08 Altar of Storms
00:20 Orc Burrow
01:11 Voodoo Lounge
01:24 Farm
02:08 Stronghold
02:08 Stronghold
02:47 Keep
02:53 Scout Tower
03:40 Guard Tower
05:16 Fortress
05:18 Beastiary
05:22 Beastiary
05:24 War Mill
05:34 Arcane Tower
06:07 Guard Tower
06:27 Orc Burrow
06:31 Orc Burrow
09:53 Orc Burrow
10:56 Orc Burrow
11:36 Orc Burrow
14:08 Orc Burrow
21:12 Spirit Lodge
» items
Healing Salve6
Lesser Clarity Potion5
Orb of Lightning1
Scroll of Town Portal1
Scroll of Regeneration1
14 total
Random» HumanMUSCLE_BEAR (orange | 8 APM | 4674 actions | 606:46)
Hero icon 5 Archmage
Ability icon 3 Blizzard
Ability icon 2 Brilliance Aura
Hero icon 2 Tauren Chieftain
Ability icon 1 Reincarnation
Ability icon 1 Endurance Aura

» actions
Assign group hotkey17
Basic commands38
Build / train180
Enter build submenu186
Enter hero's abilities submenu9
Give item / drop item4
Remove unit from queue2
Right click2301
Select / deselect1134
Select group hotkey335
Use ability461
4674 total
» units
Peasant36
Goblin Zeppelin7
Siege Engine16
Goblin Sapper3
62 total
» upgrades
Masonry6
Lumber Harvesting3
Gunpowder5
Barrage2
Plating5
21 total
» buildings
Lumber Mill8
Altar of Kings1
Farm64
Scout Tower200
Guard Tower67
Arcane Vault1
Keep2
Blacksmith2
Town Hall15
Castle2
Workshop9
371 total
» build order
00:08 Lumber Mill
00:10 Altar of Kings
00:23 Farm
00:56 Lumber Mill
01:02 Farm
01:38 Farm
02:28 Scout Tower
02:29 Scout Tower
02:31 Scout Tower
02:32 Scout Tower
02:36 Scout Tower
02:38 Scout Tower
02:39 Scout Tower
02:48 Scout Tower
03:00 Scout Tower
03:02 Scout Tower
03:05 Guard Tower
03:07 Scout Tower
03:08 Scout Tower
03:09 Scout Tower
03:10 Scout Tower
03:11 Scout Tower
03:12 Scout Tower
03:13 Scout Tower
03:13 Scout Tower
03:25 Guard Tower
03:35 Guard Tower
03:37 Scout Tower
04:04 Guard Tower
04:25 Guard Tower
04:26 Guard Tower
04:38 Scout Tower
04:56 Guard Tower
04:57 Guard Tower
05:02 Guard Tower
05:03 Scout Tower
05:05 Scout Tower
05:06 Scout Tower
05:06 Scout Tower
05:07 Scout Tower
05:08 Scout Tower
05:08 Scout Tower
05:10 Scout Tower
05:12 Scout Tower
05:13 Scout Tower
05:14 Scout Tower
05:15 Scout Tower
05:18 Scout Tower
05:18 Scout Tower
05:20 Scout Tower
05:27 Scout Tower
05:28 Scout Tower
05:28 Scout Tower
05:28 Scout Tower
05:29 Scout Tower
05:30 Scout Tower
05:30 Scout Tower
05:31 Scout Tower
05:31 Scout Tower
05:32 Scout Tower
05:32 Scout Tower
05:33 Scout Tower
05:34 Scout Tower
05:34 Scout Tower
05:35 Scout Tower
05:35 Scout Tower
05:36 Scout Tower
05:55 Arcane Vault
05:57 Guard Tower
06:31 Guard Tower
06:33 Guard Tower
06:37 Guard Tower
06:55 Guard Tower
07:29 Keep
07:47 Guard Tower
08:21 Guard Tower
08:26 Guard Tower
08:33 Blacksmith
08:43 Blacksmith
08:44 Farm
09:22 Town Hall
10:20 Castle
10:26 Workshop
10:37 Workshop
10:46 Scout Tower
10:47 Scout Tower
10:48 Scout Tower
10:49 Scout Tower
10:49 Scout Tower
10:51 Scout Tower
10:52 Scout Tower
10:52 Scout Tower
10:53 Scout Tower
10:54 Scout Tower
10:55 Scout Tower
10:55 Scout Tower
11:04 Workshop
11:06 Workshop
11:17 Guard Tower
11:46 Workshop
11:55 Scout Tower
11:57 Scout Tower
12:00 Scout Tower
12:04 Scout Tower
12:16 Scout Tower
12:21 Scout Tower
12:22 Scout Tower
12:23 Scout Tower
12:24 Scout Tower
12:25 Scout Tower
12:25 Scout Tower
12:35 Guard Tower
12:38 Castle
12:43 Workshop
12:47 Workshop
12:48 Workshop
12:49 Workshop
12:52 Farm
12:52 Farm
12:53 Farm
12:53 Farm
12:54 Farm
12:54 Farm
12:55 Farm
12:55 Farm
12:56 Farm
12:56 Farm
12:56 Farm
12:57 Farm
13:02 Farm
13:03 Farm
13:04 Farm
13:04 Farm
13:05 Farm
13:06 Farm
13:07 Farm
13:07 Farm
13:08 Farm
13:09 Farm
13:10 Farm
13:11 Farm
13:12 Farm
13:12 Farm
13:32 Guard Tower
13:58 Guard Tower
14:15 Guard Tower
14:16 Guard Tower
14:24 Guard Tower
14:30 Guard Tower
14:42 Guard Tower
14:42 Guard Tower
14:58 Guard Tower
15:20 Town Hall
15:57 Lumber Mill
18:01 Farm
18:01 Farm
18:02 Farm
18:02 Farm
18:09 Lumber Mill
20:09 Scout Tower
20:09 Scout Tower
20:09 Scout Tower
20:10 Scout Tower
20:11 Scout Tower
20:11 Scout Tower
20:12 Scout Tower
20:13 Scout Tower
20:13 Scout Tower
20:15 Scout Tower
20:16 Scout Tower
20:17 Scout Tower
20:17 Scout Tower
20:18 Scout Tower
20:19 Scout Tower
20:19 Scout Tower
20:20 Scout Tower
21:29 Lumber Mill
21:34 Guard Tower
21:41 Scout Tower
21:41 Scout Tower
21:42 Scout Tower
21:42 Scout Tower
21:43 Scout Tower
21:44 Scout Tower
21:44 Scout Tower
21:45 Scout Tower
21:45 Scout Tower
21:46 Scout Tower
21:47 Scout Tower
22:37 Lumber Mill
23:40 Guard Tower
23:57 Guard Tower
24:30 Guard Tower
24:39 Guard Tower
25:45 Guard Tower
28:13 Scout Tower
28:14 Scout Tower
28:15 Scout Tower
28:17 Scout Tower
28:18 Scout Tower
28:57 Scout Tower
28:58 Scout Tower
29:00 Scout Tower
29:02 Scout Tower
29:06 Guard Tower
29:10 Town Hall
29:13 Scout Tower
29:14 Scout Tower
29:16 Scout Tower
29:17 Scout Tower
29:20 Scout Tower
29:21 Scout Tower
29:22 Scout Tower
29:23 Scout Tower
29:28 Scout Tower
29:29 Scout Tower
29:52 Guard Tower
29:56 Guard Tower
30:11 Guard Tower
30:26 Guard Tower
30:30 Scout Tower
30:33 Scout Tower
30:34 Scout Tower
30:35 Guard Tower
30:44 Guard Tower
31:21 Town Hall
31:43 Scout Tower
31:45 Scout Tower
31:46 Scout Tower
31:47 Scout Tower
31:49 Scout Tower
31:50 Scout Tower
31:52 Scout Tower
31:53 Scout Tower
31:54 Scout Tower
31:55 Scout Tower
31:58 Scout Tower
31:58 Scout Tower
32:00 Scout Tower
32:01 Scout Tower
32:02 Scout Tower
32:03 Scout Tower
32:04 Scout Tower
32:05 Scout Tower
32:06 Scout Tower
32:09 Guard Tower
32:14 Scout Tower
32:15 Scout Tower
32:16 Scout Tower
32:16 Scout Tower
32:17 Scout Tower
32:18 Scout Tower
32:20 Scout Tower
32:22 Scout Tower
32:23 Scout Tower
32:23 Scout Tower
32:24 Scout Tower
32:25 Scout Tower
32:28 Guard Tower
33:05 Guard Tower
33:37 Guard Tower
33:40 Guard Tower
34:21 Scout Tower
34:23 Scout Tower
34:23 Scout Tower
34:24 Scout Tower
34:25 Scout Tower
34:26 Scout Tower
34:27 Scout Tower
34:27 Scout Tower
34:33 Lumber Mill
34:37 Scout Tower
34:38 Scout Tower
34:38 Scout Tower
34:39 Scout Tower
34:40 Scout Tower
34:41 Scout Tower
34:42 Guard Tower
34:53 Guard Tower
35:16 Guard Tower
35:43 Guard Tower
35:46 Scout Tower
35:48 Scout Tower
35:53 Scout Tower
35:55 Scout Tower
35:58 Scout Tower
35:59 Scout Tower
36:01 Scout Tower
37:18 Guard Tower
37:43 Scout Tower
37:45 Scout Tower
37:46 Scout Tower
37:48 Scout Tower
38:25 Guard Tower
38:41 Guard Tower
39:17 Town Hall
39:25 Town Hall
39:33 Lumber Mill
39:36 Scout Tower
39:39 Scout Tower
39:40 Scout Tower
39:41 Scout Tower
39:44 Scout Tower
39:45 Scout Tower
39:46 Scout Tower
39:47 Scout Tower
40:01 Guard Tower
40:06 Guard Tower
40:33 Scout Tower
40:36 Scout Tower
40:41 Scout Tower
40:58 Guard Tower
41:00 Guard Tower
41:03 Guard Tower
41:26 Guard Tower
41:29 Scout Tower
41:30 Guard Tower
41:44 Guard Tower
42:04 Guard Tower
42:06 Scout Tower
42:09 Scout Tower
42:12 Scout Tower
42:34 Town Hall
44:57 Scout Tower
44:59 Scout Tower
45:08 Scout Tower
45:15 Guard Tower
45:27 Guard Tower
45:31 Guard Tower
45:32 Keep
47:26 Scout Tower
49:32 Town Hall
50:18 Farm
51:11 Farm
51:37 Farm
53:02 Farm
53:18 Farm
53:49 Farm
54:19 Farm
55:21 Farm
56:28 Farm
57:03 Farm
57:21 Farm
58:29 Farm
59:10 Town Hall
59:46 Town Hall
62:48 Farm
63:04 Farm
64:28 Farm
64:39 Farm
65:17 Town Hall
65:32 Farm
66:14 Farm
67:35 Farm
67:48 Farm
68:44 Farm
69:38 Farm
72:02 Town Hall
76:26 Town Hall
76:30 Farm
78:43 Farm
79:29 Town Hall
82:05 Farm
83:27 Farm
83:51 Farm
84:41 Farm
86:30 Farm
86:55 Town Hall
87:23 Farm
» items
Boots of Speed2
Mechanical Critter2
Scroll of Regeneration3
Lesser Clarity Potion5
12 total
NightElfkdawg0124 (yellow | 41 APM | 1585 actions | 38:23)
Hero icon 4 Demon Hunter
Ability icon 2 Immolation
Ability icon 1 Evasion
Ability icon 1 Mana Burn

» actions
Assign group hotkey40
Basic commands9
Build / train99
Enter build submenu25
Enter hero's abilities submenu4
Right click495
Select / deselect386
Select group hotkey473
Use ability54
1585 total
» units
Wisp18
Archer28
Hippogryph16
Chimaera14
76 total
» upgrades
Hippogryph Taming1
Marksmanship1
Improved Bows1
Strength of the Moon3
Moon Armor3
Strength of the Wild3
Reinforced Hides3
Corrosive Breath1
16 total
» buildings
Altar of Elders1
Moon Well10
Ancient of War1
Tree of Ages1
Hunter's Hall1
Tree of Eternity1
Ancient of Wind2
Tree of Life2
Chimaera Roost3
Ancient Protector3
25 total
» build order
00:19 Altar of Elders
00:34 Moon Well
00:50 Ancient of War
01:43 Moon Well
02:19 Moon Well
02:44 Moon Well
03:54 Tree of Ages
05:02 Moon Well
05:05 Hunter's Hall
06:19 Tree of Eternity
06:24 Ancient of Wind
06:28 Ancient of Wind
06:45 Moon Well
08:49 Tree of Life
12:08 Moon Well
17:05 Moon Well
21:27 Chimaera Roost
21:33 Chimaera Roost
21:38 Chimaera Roost
25:51 Tree of Life
34:35 Ancient Protector
34:37 Ancient Protector
34:41 Ancient Protector
36:57 Moon Well
37:34 Moon Well
team 2
Random» HumanPalin_Landslide (pink | 80 APM | 7495 actions | 93:50)
Hero icon 9 Archmage
Ability icon 3 Summon Water Elemental
Ability icon 3 Blizzard
Ability icon 1 Mass Teleport
Ability icon 2 Brilliance Aura

» actions
Assign group hotkey322
Basic commands734
Build / train207
ESC pressed81
Enter build submenu117
Enter hero's abilities submenu9
Give item / drop item3
Right click2868
Select / deselect1896
Select group hotkey691
Use ability560
7495 total
» units
Peasant38
Footman11
Goblin Shredder1
Gryphon Rider10
Siege Engine8
Goblin Zeppelin3
Knight2
Mortar Team15
Flying Machine2
Sorceress2
Faerie Dragon2
Chimaera4
Wisp10
108 total
» upgrades
Masonry3
Lumber Harvesting2
Magic Sentry1
Swords3
Armor3
Barrage1
Gunpowder3
Plating3
Storm Hammers1
Sorceress Training1
21 total
» buildings
Barracks2
Farm11
Lumber Mill1
Altar of Kings1
Scout Tower85
Arcane Tower2
Town Hall6
Keep1
Guard Tower35
Castle2
Arcane Sanctum1
Gryphon Aviary2
Blacksmith2
Workshop5
Cannon Tower15
Tree of Life45
Ancient of Wonders7
Chimaera Roost1
Altar of Elders1
Ancient of War1
226 total
» build order
00:09 Barracks
00:22 Farm
00:34 Barracks
01:04 Farm
02:22 Lumber Mill
03:13 Altar of Kings
03:21 Scout Tower
03:50 Scout Tower
03:52 Scout Tower
03:59 Arcane Tower
04:16 Farm
04:17 Farm
05:12 Farm
05:33 Farm
06:08 Town Hall
06:10 Town Hall
06:12 Scout Tower
06:13 Scout Tower
06:13 Scout Tower
06:14 Town Hall
06:25 Keep
06:42 Guard Tower
06:43 Guard Tower
08:47 Guard Tower
08:48 Castle
08:48 Castle
09:23 Arcane Sanctum
10:23 Gryphon Aviary
10:25 Gryphon Aviary
12:41 Blacksmith
16:01 Scout Tower
16:02 Scout Tower
16:02 Scout Tower
16:03 Scout Tower
16:03 Scout Tower
16:03 Scout Tower
16:04 Scout Tower
16:05 Scout Tower
16:05 Scout Tower
16:05 Scout Tower
16:06 Scout Tower
16:08 Scout Tower
16:08 Scout Tower
16:08 Scout Tower
16:09 Scout Tower
16:09 Scout Tower
16:10 Scout Tower
16:10 Scout Tower
16:10 Scout Tower
16:11 Scout Tower
16:37 Guard Tower
16:45 Farm
16:46 Farm
16:46 Farm
16:47 Farm
16:49 Guard Tower
16:49 Guard Tower
16:59 Guard Tower
16:59 Guard Tower
17:10 Guard Tower
17:41 Scout Tower
17:42 Scout Tower
17:43 Guard Tower
17:47 Town Hall
18:01 Scout Tower
18:01 Scout Tower
18:02 Scout Tower
18:02 Scout Tower
18:03 Scout Tower
18:03 Scout Tower
18:04 Scout Tower
18:04 Scout Tower
18:22 Guard Tower
18:36 Guard Tower
19:03 Guard Tower
19:34 Workshop
19:35 Workshop
20:11 Workshop
20:12 Workshop
20:14 Workshop
20:16 Farm
20:57 Blacksmith
21:01 Scout Tower
21:02 Scout Tower
21:02 Scout Tower
21:03 Scout Tower
21:04 Scout Tower
21:05 Scout Tower
21:05 Scout Tower
21:06 Scout Tower
21:06 Scout Tower
21:07 Scout Tower
21:08 Scout Tower
21:08 Scout Tower
21:14 Scout Tower
21:15 Scout Tower
21:15 Scout Tower
21:16 Scout Tower
21:17 Scout Tower
21:17 Scout Tower
21:17 Scout Tower
21:19 Scout Tower
21:19 Scout Tower
21:19 Scout Tower
21:36 Guard Tower
21:55 Guard Tower
21:56 Guard Tower
22:05 Guard Tower
22:10 Guard Tower
22:14 Guard Tower
22:16 Guard Tower
24:29 Guard Tower
25:29 Scout Tower
25:29 Scout Tower
25:30 Scout Tower
25:31 Scout Tower
25:31 Scout Tower
25:32 Scout Tower
25:33 Scout Tower
26:06 Guard Tower
26:06 Guard Tower
26:46 Town Hall
28:37 Guard Tower
28:54 Guard Tower
37:31 Scout Tower
37:32 Scout Tower
37:32 Scout Tower
37:32 Scout Tower
37:33 Scout Tower
37:33 Scout Tower
37:34 Scout Tower
37:34 Scout Tower
37:35 Scout Tower
37:35 Scout Tower
37:36 Scout Tower
37:36 Scout Tower
37:36 Scout Tower
37:37 Scout Tower
37:37 Scout Tower
37:37 Scout Tower
37:38 Scout Tower
38:23 Arcane Tower
38:25 Cannon Tower
38:25 Cannon Tower
38:25 Cannon Tower
38:36 Cannon Tower
38:37 Cannon Tower
38:37 Cannon Tower
38:39 Cannon Tower
38:39 Cannon Tower
38:40 Cannon Tower
38:47 Cannon Tower
39:02 Cannon Tower
43:06 Guard Tower
43:06 Guard Tower
48:59 Town Hall
79:28 Tree of Life
79:29 Tree of Life
79:32 Tree of Life
79:35 Tree of Life
79:35 Tree of Life
79:37 Tree of Life
79:40 Tree of Life
79:41 Tree of Life
79:44 Tree of Life
79:45 Tree of Life
79:48 Tree of Life
79:48 Tree of Life
79:50 Tree of Life
79:51 Tree of Life
79:54 Tree of Life
79:55 Tree of Life
79:57 Tree of Life
79:59 Tree of Life
80:00 Tree of Life
80:02 Tree of Life
80:03 Tree of Life
80:05 Tree of Life
80:06 Tree of Life
80:08 Tree of Life
80:09 Tree of Life
80:12 Tree of Life
80:12 Tree of Life
80:13 Tree of Life
80:15 Tree of Life
80:16 Tree of Life
80:17 Tree of Life
80:18 Tree of Life
80:21 Tree of Life
80:21 Tree of Life
80:22 Tree of Life
80:23 Tree of Life
80:26 Tree of Life
80:26 Tree of Life
80:27 Tree of Life
80:30 Tree of Life
80:31 Tree of Life
80:32 Tree of Life
80:35 Tree of Life
80:37 Tree of Life
80:44 Tree of Life
80:46 Ancient of Wonders
80:49 Chimaera Roost
80:52 Altar of Elders
80:56 Ancient of War
80:58 Ancient of Wonders
80:59 Ancient of Wonders
81:02 Ancient of Wonders
81:05 Ancient of Wonders
81:08 Ancient of Wonders
81:10 Ancient of Wonders
» items
Boots of Speed1
Scroll of Town Portal3
Scroll of Healing2
Staff of Teleportation1
7 total
HumanDblBarrels (purple | 24 APM | 2800 actions | 116:45)
Hero icon 6 Archmage
Ability icon 3 Summon Water Elemental
Ability icon 2 Brilliance Aura
Ability icon 1 Mass Teleport
Hero icon 5 Paladin
Ability icon 3 Holy Light
Ability icon 2 Devotion Aura
Hero icon 7 Blood Mage
Ability icon 3 Flame Strike
Ability icon 3 Banish
Ability icon 1 Summon Phoenix

» actions
Assign group hotkey12
Basic commands269
Build / train127
Enter build submenu23
Enter hero's abilities submenu18
Give item / drop item8
Remove unit from queue4
Right click581
Select / deselect693
Select group hotkey907
Use ability158
2800 total
» units
Peasant15
Goblin Shredder1
Mortar Team3
Knight1
Siege Engine11
Blue Dragon Whelp1
Blue Drake1
Giant Sea Turtle1
Makrura Snapper1
Mur'gul Snarecaster1
Makrura Deepseer1
Flying Machine11
48 total
» upgrades
Gunpowder3
Masonry3
Plating3
Lumber Harvesting2
Animal War Training1
Barrage1
Fragmentation Shards1
Armor3
Swords3
Flare1
Flak Cannons1
Flying Machine Bombs1
23 total
» buildings
Altar of Kings1
Farm12
Arcane Vault2
Town Hall2
Keep1
Lumber Mill1
Blacksmith2
Barracks1
Castle1
Workshop2
25 total
» build order
00:35 Altar of Kings
00:38 Farm
01:04 Farm
01:21 Farm
01:45 Arcane Vault
01:53 Arcane Vault
02:14 Farm
02:56 Farm
04:37 Town Hall
05:54 Keep
06:58 Lumber Mill
07:08 Blacksmith
08:09 Barracks
08:17 Blacksmith
08:20 Castle
08:45 Workshop
09:19 Farm
10:01 Farm
10:21 Farm
10:58 Farm
12:28 Farm
14:19 Workshop
15:37 Farm
15:41 Farm
61:04 Town Hall
» items
Scroll of Regeneration2
Potion of Healing10
Potion of Mana8
Orb of Fire5
Scroll of Town Portal3
Circlet of Nobility1
29 total
Random» NightElfStabbingYouNow (red | 17 APM | 1613 actions | 95:09)
Hero icon 5 Demon Hunter
Ability icon 3 Mana Burn
Ability icon 2 Immolation

» actions
Assign group hotkey34
Basic commands313
Build / train62
ESC pressed4
Enter build submenu24
Enter hero's abilities submenu5
Right click404
Select / deselect330
Select group hotkey382
Use ability54
1613 total
» units
Wisp17
Archer8
Huntress4
Dryad13
42 total
» upgrades
Improved Bows1
Abolish Magic1
Strength of the Moon3
Reinforced Hides2
7 total
» buildings
Altar of Elders3
Moon Well8
Ancient of War1
Tree of Ages1
Ancient of Wonders1
Hunter's Hall1
Tree of Eternity1
Ancient of Lore3
19 total
» build order
00:09 Altar of Elders
00:23 Moon Well
00:34 Ancient of War
02:28 Tree of Ages
02:45 Moon Well
03:48 Ancient of Wonders
05:43 Hunter's Hall
06:51 Tree of Eternity
08:40 Moon Well
09:58 Ancient of Lore
10:30 Ancient of Lore
10:57 Ancient of Lore
12:57 Moon Well
13:57 Moon Well
15:08 Moon Well
19:13 Moon Well
20:19 Moon Well
80:49 Altar of Elders
80:53 Altar of Elders
» items
Moonstone1
Staff of Preservation1
Scroll of Town Portal1
Orb of Venom1
Dust of Appearance1
5 total
NightElfNoahSuleman (green | 41 APM | 2884 actions | 70:22)
Hero icon 6 Beastmaster
Ability icon 3 Summon Bear
Ability icon 2 Summon Hawk
Ability icon 1 Stampede

» actions
Assign group hotkey20
Basic commands138
Build / train83
Enter build submenu21
Enter hero's abilities submenu7
Give item / drop item1
Remove unit from queue10
Right click1334
Select / deselect676
Select group hotkey473
Use ability115
2884 total
» units
Wisp19
Goblin Zeppelin5
Hippogryph16
Chimaera6
Blue Dragon2
Goblin Sapper4
52 total
» upgrades
Strength of the Wild3
Ultravision1
Corrosive Breath1
Reinforced Hides3
Well Spring1
Nature's Blessing1
10 total
» buildings
Altar of Elders2
Moon Well8
Ancient of War1
Tree of Ages1
Tree of Life4
Hunter's Hall1
Tree of Eternity1
Ancient of Wind1
Chimaera Roost3
Ancient of Wonders1
23 total
» build order
01:32 Altar of Elders
01:35 Moon Well
01:57 Altar of Elders
02:51 Ancient of War
05:36 Tree of Ages
05:43 Tree of Life
06:14 Hunter's Hall
08:36 Tree of Life
09:20 Tree of Eternity
09:23 Ancient of Wind
12:57 Chimaera Roost
12:58 Chimaera Roost
13:02 Chimaera Roost
14:54 Moon Well
14:55 Moon Well
14:56 Moon Well
14:59 Moon Well
15:00 Moon Well
15:04 Moon Well
21:09 Moon Well
26:34 Ancient of Wonders
30:02 Tree of Life
30:10 Tree of Life
» items
Scroll of Town Portal1
1 total

Chat log

(00:11 / Allies) Pityn.: hey
(00:14 / All) MUSCLE_BEAR: meep
(00:16 / All) Palin_Landslide: I hate each and every one of you, and you can all fucking go to hell.
(00:19 / All) StabbingYouNow: YOUR ON THE WRONG TEAM NIGGER
(00:25 / All) MUSCLE_BEAR: !!!
(00:26 / All) MUSCLE_BEAR: FUN GAME
(00:29 / All) MUSCLE_BEAR: I GOT MY WORST RACE
(00:30 / All) kdawg0124: indeed
(00:34 / All) MUSCLE_BEAR: AND IMA DO SOME DUMB SHIT
(00:35 / Allies) Pityn.: fast tech
(00:46 / All) Palin_Landslide: Jesus, seriously:
(00:50 / All) MUSCLE_BEAR: yesss
(00:53 / All) Palin_Landslide: How the fuck can people play this game for nearly seven years and STILL be bad at it?
(01:05 / All) MUSCLE_BEAR: be named Ghetto_overlord
(01:10 / All) StabbingYouNow: im pretty bad :D
(01:17 / All) Palin_Landslide: rofl I've played with that ghetto kid before
(01:19 / All) Palin_Landslide: He's terrible
(01:31 / Allies) MUSCLE_BEAR: let me have teal
(01:32 / Allies) MUSCLE_BEAR: plz
(01:36 / Allies) kdawg0124: ok

(03:21 / All) MUSCLE_BEAR: NOOTTO
(04:04 / All) StabbingYouNow: THERES A NIGGER IN MY BASE
(04:27 / All) MUSCLE_BEAR: FUN
(04:34 / Allies) kdawg0124: nice

(05:45 / Allies) MUSCLE_BEAR: GUYS MAE AIR
(05:48 / Allies) MUSCLE_BEAR: MAKE ALL AIR
(06:00 / Allies) kdawg0124: ok
(06:00 / All) StabbingYouNow: sersoily i havent played this game in years for rea;
(06:09 / All) MUSCLE_BEAR: LET BOUNCE BABY BOUND
(06:34 / Allies) MUSCLE_BEAR: MAKE AIR
(06:40 / Allies) kdawg0124: hipps comin
(06:50 / Allies) MUSCLE_BEAR: CHIMS TOO
(07:02 / All) Palin_Landslide: Blue, do you think abusing the Blademaster makes you good?
(07:07 / All) Palin_Landslide: Do you think it hides the hideous acne on your face?
(07:09 / Allies) MUSCLE_BEAR: BLUE MASS BATS
(07:13 / Allies) MUSCLE_BEAR: AND DETONATE ON THEM
(07:15 / Allies) MUSCLE_BEAR: WHEN THEY COME
(07:24 / All) Pityn.: im pro
(07:30 / All) Palin_Landslide: You're fucking terrible.
(07:46 / All) Pityn.: Haha
(08:46 / Allies) Pityn.: im good
(08:47 / Allies) Pityn.: ?
(08:49 / Allies) MUSCLE_BEAR: YES
(08:53 / Allies) MUSCLE_BEAR: UR FUCKING PRO

(11:12 / Allies) MUSCLE_BEAR: SOME1 TAKE THAT

(13:38 / All) MUSCLE_BEAR: THIS GAMES GONNA BE 4 EVER
(13:42 / All) Palin_Landslide: no it's not
(13:44 / All) Palin_Landslide: purple and green
(13:46 / All) Palin_Landslide: are god damn idiots
(13:53 / Allies) MUSCLE_BEAR: O
(13:54 / All) MUSCLE_BEAR: O
(14:01 / All) Palin_Landslide: HEY PURPLE
(14:04 / All) Palin_Landslide: THEYRE GOING TO MASS AIR
(14:04 / All) Palin_Landslide: GO TANKS
(14:08 / All) Palin_Landslide: "NAH ILL DO MORTARS MAN"
(14:20 / All) MUSCLE_BEAR: PALIN ISNT GHETTO
(14:22 / All) MUSCLE_BEAR: HU
(14:22 / All) Palin_Landslide: meanwhile
(14:25 / All) Palin_Landslide: green has 4800 gold
(14:28 / All) Palin_Landslide: and is stuck on 29/30
(14:44 / All) NoahSuleman: food?
(14:45 / All) NoahSuleman: duh
(14:47 / All) NoahSuleman: i want low income
(14:48 / All) StabbingYouNow: NO?
(14:54 / All) MUSCLE_BEAR: NO
(15:10 / All) Palin_Landslide: YOU WANT LOW INCOME FIFTEEN MINUTES INTO THE GAME
(15:13 / All) Palin_Landslide: WHEN THEY HAVE TIER 3 ARMIES?
(15:18 / All) Palin_Landslide: GREAT IDEA BUDDY
(15:19 / All) NoahSuleman: you want tanks?
(15:27 / All) Palin_Landslide: I WANT YOU GUYS TO DO SOMETHING
(15:28 / All) Palin_Landslide: ANYTHING
(15:30 / All) Palin_Landslide: I DONT CARE AT THIS POINT
(15:34 / All) NoahSuleman: lose?
(15:34 / All) Palin_Landslide: AS LONG AS IT'S A UNIT
(15:36 / All) StabbingYouNow: lol
(15:37 / All) NoahSuleman: that's you noobie
(15:44 / All) Palin_Landslide: 144-192
(15:46 / All) Palin_Landslide: THERE
(15:47 / All) Palin_Landslide: SHUT UP
(16:01 / All) NoahSuleman: im pro
(16:03 / All) NoahSuleman: k
(16:03 / All) MUSCLE_BEAR: frisky
(16:18 / All) StabbingYouNow: who is he misterbear?
(16:25 / All) MUSCLE_BEAR: im goat
(16:27 / All) MUSCLE_BEAR: idk who he i
(16:27 / All) MUSCLE_BEAR: s
(16:46 / All) NoahSuleman: top resource score
(16:51 / All) NoahSuleman: even if we lose first
(16:54 / All) Palin_Landslide: BIGGEST FUCKING NEWB
(16:55 / All) Palin_Landslide: IN THE HISTORY OF RT
(16:56 / All) Palin_Landslide: TOO
(17:26 / Allies) MUSCLE_BEAR: nooooooo
(17:36 / All) Palin_Landslide: I CAN PLAY THAT GAME TOO, SHITHEADS

(19:58 / All) MUSCLE_BEAR: LOL

(21:02 / Allies) MUSCLE_BEAR: tanks being made for defense
(21:05 / Allies) MUSCLE_BEAR: yellow make chims
(21:10 / Allies) kdawg0124: im at 100
(21:11 / Allies) MUSCLE_BEAR: hippo riders suck
(21:14 / Allies) MUSCLE_BEAR: kill ur riders
(21:18 / Allies) MUSCLE_BEAR: they are a waste

(22:53 / All) StabbingYouNow: MISTER BEAR
(23:04 / All) MUSCLE_BEAR: mission accomplished...
(23:05 / All) StabbingYouNow: WHO DO YOU THINK PALIN IS?
(23:08 / All) NoahSuleman: i suck gg
(23:19 / All) Palin_Landslide: yeah pretty much
(23:23 / All) Palin_Landslide: honestly, if you decide to stab
(23:26 / All) Palin_Landslide: you're saving me a lot of time
(23:31 / All) StabbingYouNow: lol
(23:43 / All) Palin_Landslide: and yes
(23:45 / All) Palin_Landslide: you do fucking suck
(23:48 / All) Palin_Landslide: 144-192 piece of garbage
(23:51 / All) Palin_Landslide: you are fucking terrible
(23:54 / All) Palin_Landslide: and you will never be good at anything you do
(24:08 / All) StabbingYouNow: sounds like jaws haha
(24:27 / All) MUSCLE_BEAR: maybe its spens
(24:40 / All) Palin_Landslide: it's ghetto you fucking nutsacks
(24:49 / Allies) MUSCLE_BEAR: yellow make chims
(24:54 / Allies) kdawg0124: im lettin my hipps die
(24:54 / Allies) kdawg0124: i am
(24:56 / Allies) MUSCLE_BEAR: ok
(25:14 / All) MUSCLE_BEAR: not even gonna revive heros
(25:16 / All) MUSCLE_BEAR: tanks > heros
(25:23 / Allies) kdawg0124: haha
(26:17 / Allies) MUSCLE_BEAR: creep these
(26:27 / Allies) MUSCLE_BEAR: blue
(26:30 / Allies) MUSCLE_BEAR: creep the mines
(26:32 / Allies) MUSCLE_BEAR: on the hill
(27:25 / Allies) MUSCLE_BEAR: creep these plz
(27:41 / Allies) kdawg0124: comin
(27:41 / Allies) MUSCLE_BEAR: use air
(28:23 / Allies) MUSCLE_BEAR: fuck
(28:26 / Allies) kdawg0124: immune to magic
(28:26 / Allies) MUSCLE_BEAR: blue
(28:29 / Allies) MUSCLE_BEAR: bring wyverns
(28:33 / Allies) kdawg0124: attack with peasents
(28:56 / All) Palin_Landslide: blue
(29:01 / Allies) Pityn.: what?
(29:04 / All) Palin_Landslide: do you understand why women don't find you sexually attractive
(29:08 / All) StabbingYouNow: lol
(29:11 / All) kdawg0124: haha wow
(29:24 / All) Pityn.: Stfu and play
(29:29 / All) Palin_Landslide: go fuck yourself
(29:32 / All) Palin_Landslide: you fucking orc piece of shit
(29:32 / All) StabbingYouNow: ghetto owns you :P
(29:32 / Allies) MUSCLE_BEAR: creep this one too
(29:53 / All) Palin_Landslide: i hope you choke on a TP scroll
(29:55 / All) Palin_Landslide: you fucking joke
(30:06 / All) Pityn.: shut up
(30:16 / Allies) MUSCLE_BEAR: creep this

(31:30 / Allies) Pityn.: my expo
(31:31 / Allies) Pityn.: omg
(31:32 / Allies) MUSCLE_BEAR: na son
(31:54 / Allies) kdawg0124: we need to hit

(33:13 / All) MUSCLE_BEAR: NOOOOOOOOOOOOO
(33:36 / Allies) kdawg0124: comin
(34:14 / Allies) Pityn.: tp noobs
(34:25 / Allies) kdawg0124: come here
(34:31 / Allies) kdawg0124: i got no aa now

(35:41 / All) Palin_Landslide: New Hero: Blue
(35:45 / All) Palin_Landslide: Abilities: Hurts to Pee (Passive)

(38:00 / All) MUSCLE_BEAR: STOP IT, BASTARD
(38:05 / All) Palin_Landslide: go to hell, K.G.
(38:06 / All) kdawg0124: gg
(38:08 / All) Palin_Landslide: lol
(38:16 / All) Palin_Landslide: gg
(38:26 / All) MUSCLE_BEAR: NEVER
(38:27 / All) StabbingYouNow: win or lose i sucked balls, i need to practice lol

(39:38 / All) Palin_Landslide: you really gonna make us kill everything
(39:48 / All) MUSCLE_BEAR: PERHAPS

(41:26 / All) StabbingYouNow: that was gay
(41:32 / All) StabbingYouNow: wasnt watching my hero
(41:40 / All) Palin_Landslide: shock
(41:40 / All) MUSCLE_BEAR: new - eb
(42:07 / All) StabbingYouNow: yeah was watching that cow attack my dryads poor little ass
(42:25 / All) Palin_Landslide: wow green
(42:43 / All) StabbingYouNow: how can i be noob when ive played for years?
(42:50 / All) StabbingYouNow: im just bad sir
(42:57 / All) Palin_Landslide: compared to green, you're progamer of the year
(43:02 / All) StabbingYouNow: lol
(43:30 / All) StabbingYouNow: maybe i should take up DDR
(43:36 / All) StabbingYouNow: or go RE5 pro
(43:37 / All) Palin_Landslide: DDR is for nerds
(43:38 / All) Palin_Landslide: like me
(43:40 / All) MUSCLE_BEAR: exercise is for losers
(43:51 / All) Palin_Landslide: you're probably gasping for breath
(43:54 / All) Palin_Landslide: massing those towers
(43:55 / All) Palin_Landslide: fat boy
(44:16 / All) MUSCLE_BEAR: am notz!
(44:35 / All) StabbingYouNow: ghetto isnt very nice tonight :(
(44:46 / All) MUSCLE_BEAR: nice is in the eye of the beholder

(45:49 / All) Palin_Landslide: YOU HAVE 4700 GOLD
(45:51 / All) Palin_Landslide: AND ARENT SPENDING IT
(45:54 / All) MUSCLE_BEAR: give me
(45:56 / All) MUSCLE_BEAR: plz
(45:57 / All) Palin_Landslide: WHAT, ARE YOU SAVING IT IN CASE THE ECONOMY DIES?
(46:07 / All) Palin_Landslide: I DONT THINK THERE ARE CREDIT DEFAULT SWAPS IN AZEROTH
(46:08 / All) StabbingYouNow: lol!
(46:08 / All) Palin_Landslide: YOU FUCKING LOON
(46:31 / All) Palin_Landslide: WHY WOULDNT I BE?
(46:35 / All) Palin_Landslide: IF YOU HAD LISTENED TO ME IN THE FIRST PLACE
(46:42 / All) Palin_Landslide: WE WOULDNT BE PLAYING MORNING SUNRISE FOURS RT
(47:00 / All) StabbingYouNow: he sjust a mean kitty that didnt get his cream today
(47:07 / All) MUSCLE_BEAR: NOOOOOOOOOOOOOOOOOOOO
(47:13 / All) StabbingYouNow: or something witty..
(47:40 / All) MUSCLE_BEAR: WHY DO U HAVE TO BE INNOVATIVE
(47:43 / All) MUSCLE_BEAR: YOU SONNOMABITCH
(47:57 / All) Palin_Landslide: youll like this even better
(48:13 / All) StabbingYouNow: WOW
(48:19 / All) StabbingYouNow: THATS A TON OF TANKS
(48:22 / All) MUSCLE_BEAR: NO
(48:24 / All) MUSCLE_BEAR: FAGGOT

(49:56 / All) StabbingYouNow: i shoulda played hu -_-
(50:06 / All) MUSCLE_BEAR: u get points for going random
(50:09 / All) MUSCLE_BEAR: in my horny book
(50:15 / All) StabbingYouNow: sweet
(50:23 / All) NoahSuleman: mortars next time oj
(50:24 / All) Palin_Landslide: lal
(50:39 / All) Palin_Landslide: HI MY NAME IS GREEN
(50:43 / All) Palin_Landslide: IM SAVING UP GOLD AT NO UPKEEP
(50:46 / All) Palin_Landslide: SO I CAN BAIL OUT AIG
(50:46 / All) NoahSuleman: i won
(50:51 / All) Palin_Landslide: YOU DIDNT DO JACK FUCKING SHIT
(50:56 / All) Palin_Landslide: IM THE ONLY REASON YOU EVEN HAD A CHANCE
(51:17 / All) Palin_Landslide: IF I HADNT BEEN BARKING ORDERS AT YOU DUMBASSES
(51:29 / All) Palin_Landslide: YOU WOULD HAVE LOST
(51:33 / All) Palin_Landslide: IN THE MOST HUMILIATING FASHION POSSIBLE
(51:34 / All) NoahSuleman: i'm not sure what to do with my money
(51:41 / All) Palin_Landslide: USE IT TO KILL YOURSELF
(51:45 / All) NoahSuleman: other than enjoy my pay from you as CEO
(51:55 / All) StabbingYouNow: BUY A HOUSE IN FLORIDA
(52:47 / All) Palin_Landslide: WHOOPS FINGER SLIPPED
(52:49 / All) Palin_Landslide: SIX OR SEVEN TIMES
(53:09 / All) NoahSuleman: kill the other one and quiet down
(53:15 / All) Palin_Landslide: KILL YOURSELF AND DIE
(53:58 / All) Palin_Landslide: OMG GREEN
(54:01 / All) Palin_Landslide: YOU HAVE 37,224 MINES
(54:03 / All) Palin_Landslide: GIVE ME GOLD
(54:04 / All) Palin_Landslide: OH WAIT
(54:06 / All) Palin_Landslide: YOU JUST DONT SPEND IT
(54:08 / All) Palin_Landslide: BECAUSE YOURE A FUCKING DIPSHIT
(54:31 / All) MUSCLE_BEAR: if i was green this game would never end
(54:48 / All) Palin_Landslide: IF I WAS GREEN I WOULD ASK MYSELF WHY MY MOTHER IS SCARED TO LET ME TUCK MYSELF IN
(54:53 / All) Palin_Landslide: I GUESS I WOULD PROBABLY SUFFOCATE UNDER THE COVERS

(56:30 / All) StabbingYouNow: sepplin
(57:12 / All) Palin_Landslide: ALRIGHT GREEN
(57:17 / All) Palin_Landslide: UP TO YOU WHETHER OR NOT YOU WANT TO FINISH THE GAMe
(57:20 / All) Palin_Landslide: IM GONNA READ A BOOK
(57:22 / All) Palin_Landslide: AFK
(57:30 / All) StabbingYouNow: lol
(57:39 / All) NoahSuleman: give control
(57:44 / All) MUSCLE_BEAR: LOL

(61:21 / All) Palin_Landslide: SO I HAVE A QUESTION FOR YOU GREEN
(61:23 / All) StabbingYouNow: CAN I HAZ 1000 goldz?
(61:28 / All) Palin_Landslide: THIS ONE'S COMPLICATED, SO IT MAY TAKE YOU A SECOND TO FIGURE IT OUT
(61:34 / All) Palin_Landslide: WHY ARE YOU KILLING ALL OF THE BUILDINGS
(61:37 / All) Palin_Landslide: I HAVE ABSOLUTELY NO USE FOR NOW
(61:49 / All) NoahSuleman: or later
(61:50 / All) MUSCLE_BEAR: Efficiency.
(62:03 / All) Palin_Landslide: OH WELL
(62:07 / All) Palin_Landslide: ONE LOSS WONT KILL THIS ACCOUNT
(62:12 / All) Palin_Landslide: ALTHOUGH I THINK GREEN'S ACCOUNT
(62:15 / All) Palin_Landslide: HAS LONG DIED FROM STAB WOUNDS
(62:22 / All) NoahSuleman: acount?
(62:23 / All) StabbingYouNow: lol
(62:27 / All) MUSCLE_BEAR: ghetto if u leave theres no way ill lose lol
(62:36 / All) MUSCLE_BEAR: i can be afk for 60 hours
(62:47 / All) Palin_Landslide: yeah
(62:51 / All) Palin_Landslide: windows update is trying to quit out on me
(62:53 / All) Palin_Landslide: you're going to win lol
(62:56 / All) MUSCLE_BEAR: haha
(63:00 / All) NoahSuleman: set hostile on me plz
(63:02 / All) NoahSuleman: or give control
(63:05 / All) MUSCLE_BEAR: LOL
(63:52 / All) Palin_Landslide: yeah im gonna leave here in a second
(64:03 / All) StabbingYouNow: me too
(64:04 / All) MUSCLE_BEAR: lol how u see that
(64:09 / All) StabbingYouNow: i gotta get up at 9am
(64:14 / All) Palin_Landslide: because green went right by it
(64:17 / All) Palin_Landslide: without seeing it
(64:23 / All) Palin_Landslide: because he can barely survive
(64:23 / All) MUSCLE_BEAR: oo
(64:26 / All) Palin_Landslide: without adult supervision
(64:39 / All) Palin_Landslide: wut green
(64:41 / All) Palin_Landslide: you can speak up
(64:43 / All) Palin_Landslide: so everyone can hear you
(65:11 / All) Palin_Landslide: RUN, SECRETARIAT

(66:23 / All) Palin_Landslide: everyday im hustlin
(66:29 / All) Palin_Landslide: everyday im hustlin hustlin hustlin
(66:35 / All) MUSCLE_BEAR: good song
(66:38 / All) StabbingYouNow: WHO LOVES RT
(66:41 / All) MUSCLE_BEAR: i do
(66:54 / All) MUSCLE_BEAR: u guys know this replay is going on the forums right
(67:01 / All) MUSCLE_BEAR: cause im so fucking gangsta
(67:04 / All) Palin_Landslide: lol fine with me
(67:13 / All) Palin_Landslide: this game is absolutely hilarious
(68:05 / All) MUSCLE_BEAR: im gonna go afk everntually
(68:13 / All) MUSCLE_BEAR: cause i took an obscene amount of excedrin pms
(68:23 / All) Palin_Landslide: aight
(68:33 / All) MUSCLE_BEAR: obsene*
(69:00 / All) Palin_Landslide: RUN, SECRETARIAT
(69:16 / All) Palin_Landslide: bad green
(69:17 / All) Palin_Landslide: bad
(69:29 / All) StabbingYouNow: k
(70:22 / All) Palin_Landslide: i think he got mad at me
(70:25 / All) Palin_Landslide: i kept sending him 100 lumber at a time
(70:26 / All) MUSCLE_BEAR: i need to jerk off then sleep
(70:29 / All) Palin_Landslide: just gave him 3000 lumber
(70:49 / All) Palin_Landslide: alright
(70:50 / All) Palin_Landslide: have fun

(72:54 / All) MUSCLE_BEAR: o wait
(73:13 / All) MUSCLE_BEAR: u may win
(73:15 / All) MUSCLE_BEAR: yet
(73:34 / All) Palin_Landslide: purple is pretty much trying to stop me from winning as well
(73:35 / All) Palin_Landslide: lol
(73:38 / All) MUSCLE_BEAR: lolol
(73:47 / All) Palin_Landslide: PURPLE YOU ARE FUCKING TERRIBLE
(73:49 / All) Palin_Landslide: JESUS CHRIST
(73:54 / All) Palin_Landslide: YEAH LETS RUN INTO HIS TOWERS
(73:56 / All) Palin_Landslide: AND THEN STAMPEDE
(73:59 / All) MUSCLE_BEAR: lolol
(74:24 / All) MUSCLE_BEAR: how about we all go afk
(74:30 / All) MUSCLE_BEAR: and have the longest game ever
(74:41 / All) Palin_Landslide: well
(74:48 / All) Palin_Landslide: you can fight that with hu_practice if you want
(74:51 / All) Palin_Landslide: but i gotta reboot
(74:54 / All) MUSCLE_BEAR: yay

(76:47 / All) StabbingYouNow: OH HI YEW GUYZ STILL HERE~?
(76:49 / All) Palin_Landslide: hahahahahaha
(76:54 / All) Palin_Landslide: GOOD WORK PURPLE

(78:11 / All) StabbingYouNow: HAY NIGGER DONT STOP MY PRODUCTION OF WISPS
(78:14 / All) Palin_Landslide: yeah i know right
(78:24 / All) Palin_Landslide: because you did so much to tell green
(78:26 / All) Palin_Landslide: to stop fucking around
(78:26 / All) Palin_Landslide: right
(78:33 / All) Palin_Landslide: i was plenty ready to finish the game off
(78:41 / All) MUSCLE_BEAR: what happened
(78:49 / All) Palin_Landslide: i just killed all of purple's remaining attack units

(80:20 / All) StabbingYouNow: damn, thats kinda pretty
(80:22 / All) MUSCLE_BEAR: o shit
(80:31 / All) MUSCLE_BEAR: im running out for farms
(80:33 / All) StabbingYouNow: fireworks
(80:36 / All) MUSCLE_BEAR: of*

(81:42 / All) Palin_Landslide: oh fuckin balls purple has a big army
(81:45 / All) MUSCLE_BEAR: lol
(81:54 / All) MUSCLE_BEAR: is purple somebody?
(82:02 / All) MUSCLE_BEAR: whaat noob would stay for 2 hours

(83:19 / All) Palin_Landslide: yeah he just lost his whole army
(83:23 / All) MUSCLE_BEAR: lol to what
(83:26 / All) Palin_Landslide: to my towers
(83:28 / All) MUSCLE_BEAR: haha
(83:43 / All) Palin_Landslide: i presume this means hes going to report me to karune
(83:44 / All) Palin_Landslide: :\
(83:53 / All) MUSCLE_BEAR: inc ban
(84:23 / All) MUSCLE_BEAR: is purple american?
(84:33 / All) Palin_Landslide: prolly
(84:35 / All) Palin_Landslide: he doesnt understand
(84:38 / All) Palin_Landslide: i can kill his air units
(84:41 / All) MUSCLE_BEAR: lol
(84:43 / All) Palin_Landslide: with the hippos he keeps grouping with them
(84:48 / All) MUSCLE_BEAR: haha
(84:55 / All) StabbingYouNow: you know what? i hate suze orman
(84:55 / All) Palin_Landslide: man i feel mean
(84:56 / All) Palin_Landslide: right now
(85:00 / All) Palin_Landslide: but fuck this bullshit
(85:01 / All) StabbingYouNow: shes such a lesbo
(85:17 / All) MUSCLE_BEAR: *butt fuck this bullshit
(85:17 / All) Palin_Landslide: yeah i think he's prepping to disc hack me
(85:23 / All) MUSCLE_BEAR: lol
(85:25 / All) Palin_Landslide: hes not even trying to dodge my blizzards anymore
(86:14 / All) Palin_Landslide: yo what's the warcraft iii equivalent of salting the earth
(86:18 / All) Palin_Landslide: so nothing can be built there again
(86:23 / All) MUSCLE_BEAR: attacking trees with one peasant is tedious
(87:06 / All) StabbingYouNow: anyway
(87:18 / All) StabbingYouNow: whp would make an account named gaygod?
(87:22 / All) Palin_Landslide: alright you know what
(87:25 / All) Palin_Landslide: purple is too determined
(87:38 / All) Palin_Landslide: considering he has no gold for anything but an archmage and a bloodmage now
(87:45 / All) Palin_Landslide: if he wants to win this game
(87:45 / All) MUSCLE_BEAR: shit
(87:46 / All) Palin_Landslide: he can have it
(87:49 / All) MUSCLE_BEAR: there he goes
(87:53 / All) MUSCLE_BEAR: my lone peasant
(87:58 / All) MUSCLE_BEAR: just find my shit and u won
(88:05 / All) Palin_Landslide: mr. archmage
(88:08 / All) Palin_Landslide: do you have any last requests
(88:28 / All) Palin_Landslide: yeah purple
(88:29 / All) StabbingYouNow: hey, you all got re5?
(88:31 / All) Palin_Landslide: there's 7400 lumber
(88:34 / All) Palin_Landslide: you may enjoy it more than i do
(88:35 / All) MUSCLE_BEAR: no i dont
(88:36 / All) Palin_Landslide: on xbox
(88:37 / All) Palin_Landslide: yes
(88:44 / All) Palin_Landslide: goodbye
(88:45 / All) Palin_Landslide: archmage
(88:49 / All) MUSCLE_BEAR: i heard its more like a shooter then a re game
(88:58 / All) Palin_Landslide: yeah well
(89:00 / All) Palin_Landslide: RE4 was too
(89:02 / All) StabbingYouNow: its not at all scary or nothing
(89:04 / All) MUSCLE_BEAR: re4 sucked
(89:10 / All) MUSCLE_BEAR: re2 for n64 was badass
(89:13 / All) Palin_Landslide: lol
(89:22 / All) Palin_Landslide: the worst version of the game
(89:25 / All) Palin_Landslide: was the most badass one?
(89:28 / All) MUSCLE_BEAR: yes sir
(89:30 / All) StabbingYouNow: ive got the ps3 version
(89:34 / All) MUSCLE_BEAR: fucking racoon city broni
(89:56 / All) Palin_Landslide: yeah if purple wants to win this
(89:57 / All) Palin_Landslide: it's all his
(89:59 / All) MUSCLE_BEAR: did i get revaled yet
(90:08 / All) StabbingYouNow: yeah
(90:09 / All) Palin_Landslide: not that i know of
(90:11 / All) Palin_Landslide: oh ok
(90:17 / All) StabbingYouNow: i think so
(90:34 / All) StabbingYouNow: you had like four farms on your side in the corner
(90:35 / All) MUSCLE_BEAR: yo ecredin pm + mass amount of cola
(90:36 / All) Palin_Landslide: brb gonna go get something to drink real quick
(90:39 / All) MUSCLE_BEAR: is a weird feeling
(90:44 / All) Palin_Landslide: lol
(90:57 / All) StabbingYouNow: they both have caffine
(91:07 / All) MUSCLE_BEAR: excedrin pm puts me to sleep
(91:09 / All) StabbingYouNow: you're heart rate is gonna be like 120
(91:13 / All) MUSCLE_BEAR: i love chugging nyquil
(91:19 / All) MUSCLE_BEAR: fucking knocks you out cold
(91:29 / All) Palin_Landslide: you know what else knocks me out cold
(91:31 / All) Palin_Landslide: trying to rationalize
(91:33 / All) Palin_Landslide: WHAT THE FUCK
(91:35 / All) Palin_Landslide: COULD MAKE THESE PEOPLE
(91:38 / All) MUSCLE_BEAR: LOL
(91:41 / All) Palin_Landslide: GAME
(91:47 / All) MUSCLE_BEAR: cancer?
(91:58 / All) Palin_Landslide: shitty genes, maybe
(92:24 / All) Palin_Landslide: okay purple
(92:27 / All) Palin_Landslide: if you really really want this game
(92:28 / All) StabbingYouNow: i admit, i sucked but i dont care ive not played in awhile
(92:28 / All) Palin_Landslide: you can have it.
(92:38 / All) MUSCLE_BEAR: HU
(92:41 / All) MUSCLE_BEAR: WE LOVE U ANYWAY
(92:41 / All) StabbingYouNow: and even when i did i sucked
(92:49 / All) Palin_Landslide: lol its coo man
(92:55 / All) StabbingYouNow: maybe it was because i only played human
(92:55 / All) Palin_Landslide: im looking forward to SC2
(92:58 / All) Palin_Landslide: that game is more my skill set
(93:00 / All) MUSCLE_BEAR: meh
(93:05 / All) MUSCLE_BEAR: i need heros
(93:06 / All) MUSCLE_BEAR: or i whine
(93:07 / All) Palin_Landslide: lol
(93:13 / All) Palin_Landslide: alright well
(93:14 / All) Palin_Landslide: it's 4:40
(93:18 / All) Palin_Landslide: im gonna go get something to drink
(93:20 / All) MUSCLE_BEAR: yea
(93:21 / All) Palin_Landslide: and go to sleep
(93:24 / All) MUSCLE_BEAR: ima sleep too
(93:24 / All) Palin_Landslide: you gonna go afk?
(93:26 / All) MUSCLE_BEAR: yea
(93:27 / All) Palin_Landslide: post the replay in the morning
(93:29 / All) MUSCLE_BEAR: ok
(93:32 / All) Palin_Landslide: gg guys
(93:34 / All) Palin_Landslide: wait
(93:35 / All) MUSCLE_BEAR: bye gg
(93:37 / All) Palin_Landslide: idle mort
(93:39 / All) Palin_Landslide: needs to die
(93:48 / All) Palin_Landslide: kk
(93:50 / All) Palin_Landslide: l8r
(93:55 / All) MUSCLE_BEAR: hu
(93:59 / All) StabbingYouNow: hi
(94:00 / All) MUSCLE_BEAR: im gonna go sleep now
(94:03 / All) MUSCLE_BEAR: u cutie pie
(94:13 / All) StabbingYouNow: y thnk u sir
(94:16 / All) MUSCLE_BEAR: bye
(94:20 / All) StabbingYouNow: buh
(94:47 / All) StabbingYouNow: you gonna idle here?
(95:04 / All) StabbingYouNow: guess so bye